 Dungeon Crawl Stone Soup version 0.18-a0-1392-g59a4c01 (webtiles) character file.

686 Oddball22 the Caller (level 7, 0/41 HPs)
             Began as an Octopode Summoner on Feb 23, 2016.
             Was a Follower of Sif Muna.
             Shot with a poisoned arrow by a centaur (8 damage)
             ... on level 5 of the Dungeon.
             The game lasted 00:19:57 (5326 turns).

Oddball22 the Caller (Octopode Summoner)            Turns: 5326, Time: 00:19:57

Health: 0/41       AC:  1    Str:  7    XL:     7   Next: 62%
Magic:  3/14       EV: 12    Int: 19    God:    Sif Muna [*.....]
Gold:   202        SH:  0    Dex: 15    Spells: 5 memorised, 2 levels left

rFire  . . .     SeeInvis .     v - +1 spear (venom)
rCold  . . .     Gourm    .     (no shield)
rNeg   . . .     Faith    .     (helmet restricted)
rPois  +         Spirit   .     (no amulet)
rElec  .         Dismiss  .     p - +2 ring of dexterity
rCorr  .         Reflect  .     w - ring of poison resistance
SustAt .         Harm     .     (no ring)
MR     .....                    (no ring)
Stlth  ++++......               (no ring)
                                (no ring)
                                (no ring)
                                (no ring)

@: not resistant to hostile enchantments, stealthy
A: almost no armour, amphibious, 8 rings, constrict 8, camouflage 1, gelatinous
body 1
a: Channel Energy, Renounce Religion


You were on level 5 of the Dungeon.
You worshipped Sif Muna.
Sif Muna was aware of your devotion.
You were very hungry.

You visited 1 branch of the dungeon, and saw 6 of its levels.

You collected 202 gold pieces.

Inventory:

Hand Weapons
 e - a +1 dagger of speed
 r - a +0 dagger of draining
 v - a +1 spear of venom (weapon)
 x - the +8 flail of Yklogot {speed, rC+}
   (You found it on level 4 of the Dungeon)

   Attacks with this weapon are significantly faster.
   It protects you from cold.
Missiles
 n - 9 javelins (quivered)
 u - 5 tomahawks
Jewellery
 p - a +2 ring of dexterity (left tentacle)
 w - a ring of poison resistance (right tentacle)
Wands
 j - a wand of random effects (26/48)
Scrolls
 g - 3 scrolls of remove curse
 i - a scroll of magic mapping {unknown}
 l - a scroll of teleportation {unknown}
 t - a scroll of identify
Potions
 c - a potion of flight {unknown}
 h - 3 potions of heal wounds {unknown}
 k - a potion of mutation {unknown}
 m - a potion of invisibility {unknown}
 o - a potion of degeneration {unknown}
 q - 2 potions of lignification {unknown}
Books
 a - a book of Callings

   Spells                             Type                      Level
   a - Summon Small Mammal            Summoning                    1
   b - Call Imp                       Summoning                    2
   c - Call Canine Familiar           Summoning                    3
   d - Summon Guardian Golem          Hexes/Summoning              3
   e - Summon Lightning Spire         Summoning/Air                4
   f - Summon Ice Beast               Ice/Summoning                4
 y - a book of Spatial Translocations

   Spells                             Type                      Level
   a - Apportation                    Translocation                1
   b - Blink                          Translocation                2
   c - Shroud of Golubria             Charms/Translocation         2
   d - Portal Projectile              Translocation                3
   e - Teleport Other                 Translocation                3
   f - Passage of Golubria            Translocation                4
Comestibles
 b - 2 bread rations
 d - 4 royal jellies
 f - 3 meat rations
 s - 2 fruits


   Skills:
 - Level 2.0 Dodging
 - Level 3.8 Stealth
 * Level 4.6 Spellcasting
 + Level 1.6 Hexes
 + Level 6.9 Summonings
 + Level 1.5 Ice Magic


You had 2 spell levels left.
You knew the following spells:

 Your Spells              Type           Power        Failure   Level  Hunger
a - Summon Small Mammal   Summ           ####         1%          1    None
b - Call Imp              Summ           ####....     1%          2    #......
c - Call Canine Familiar  Summ           ####....     1%          3    ###....
d - Summon Guardian Gole  Hex/Summ       ###.....     10%         3    ###....
e - Summon Ice Beast      Ice/Summ       ###.....     28%         4    ####...


Dungeon Overview and Level Annotations

Branches:
Dungeon (6/15)
 Temple: D:4-7

Altars:
Ashenzari
Ru
Sif Muna
Trog
The Shining One


Innate Abilities, Weirdness & Mutations

You cannot wear most types of armour.
You are amphibious.
You can wear up to eight rings at the same time.
You can use your tentacles to constrict eight enemies at once.
Your skin changes colour to match your surroundings (Stealth).
Your rubbery body absorbs attacks (AC +1).


Message History

Press: ? - help, Dir - move target cursor, f/p - orc warrior
Aim: an orc warrior, wielding a halberd and wearing a plate armour (heavily wounded)
You could not reach far enough!
You are feeling very hungry.
Your crimson imp disappears in a puff of smoke!
Your hound bites the orc warrior.
The orc warrior hits your hound with a halberd!!
Your hound dies!
Your hound's corpse disappears in a puff of smoke!
The orc warrior shouts!
Unknown command.
There is a stone staircase leading up here.
The orc warrior hits you from afar with a halberd!!
You climb upwards.
The ogre completely misses you.
There is a stone staircase leading down here.
The centaur shoots a poisoned arrow.
The poisoned arrow hits you!
* * * LOW HITPOINT WARNING * * *
You see here a poisoned arrow.
The centaur shoots a poisoned arrow.
The poisoned arrow hits you!
You die...

##########........#####.#.
#........####.###.........
#........# ##........##.#.
#........###.........##...
#.........#.).............
#.......................##
######(##O.##........#....
#.##.#######...###... ...
#c..@#######.### #...
....###..#........# #...
.........#.######## #...#
...........# ..# #
...#......## # ..
#......(#######.
?......#..(...O.c.
...###.###.###.... ....
#.# #.# .


You could see an ogre and a centaur.

Vanquished Creatures
  A giant frog (D:5)
  A crimson imp (D:5)
  A giant frog skeleton (D:3)
  An orc priest (D:4)
  An orc wizard (D:4)
  6 worker ants (D:4)
  4 adders
  An ooze (D:4)
  3 giant geckos
  6 orcs
  A ball python (D:2)
  3 giant cockroaches
  4 goblins
  A hobgoblin (D:1)
  3 jackals
  2 kobolds (D:2)
  A quokka (D:4)
  4 bats
  3 giant newts
  A quokka skeleton (D:6)
  2 rats
50 creatures vanquished.

Vanquished Creatures (collateral kills)
  Grinder (D:3)
  A phantom (D:4)
  An ogre (D:3)
  A scorpion (D:4)
  An orc wizard (D:3)
  A worker ant (D:4)
  An adder (D:2)
  An ooze (D:3)
  2 worms
  4 dart slugs
  2 orcs (D:3)
  A bat (D:1)
  A giant cockroach (D:1)
  4 goblins
  6 hobgoblins
  6 jackals
  2 giant newts
  7 kobolds
  2 rats
45 creatures vanquished.

Grand Total: 95 creatures vanquished

Notes
Turn   | Place    | Note
--------------------------------------------------------------
     0 | D:1      | Oddball22 the Octopode Summoner began the quest for the Orb.
     0 | D:1      | Reached XP level 1. HP: 11/11 MP: 3/3
   165 | D:1      | Reached XP level 2. HP: 4/17 MP: 3/5
   804 | D:1      | Learned a level 2 spell: Call Imp
  1658 | D:2      | Reached XP level 3. HP: 21/21 MP: 1/6
  1737 | D:2      | Learned a level 3 spell: Call Canine Familiar
  2213 | D:2      | Found a deep blue altar of Sif Muna.
  2216 | D:2      | Found a bloodstained altar of Trog.
  2221 | D:2      | Became a worshipper of Sif Muna the Loreminder
  2344 | D:3      | Reached XP level 4. HP: 25/27 MP: 5/8
  2502 | D:3      | Noticed Grinder
  2520 | D:3      | Killed Grinder
  2520 | D:3      | Reached skill level 5 in Summonings
  2520 | D:3      | Reached XP level 5. HP: 12/31 MP: 5/10
  2525 | D:3      | Learned a level 3 spell: Summon Guardian Golem
  2742 | D:3      | Found a shattered altar of Ashenzari.
  2780 | D:3      | Reached XP level 6. HP: 36/36 MP: 6/11
  2973 | D:3      | Reached * piety under Sif Muna
  2973 | D:3      | Reached skill level 6 in Summonings
  3876 | D:4      | Got a steaming flail
  3880 | D:4      | Found a sacrificial altar of Ru.
  3894 | D:4      | Learned a level 4 spell: Summon Ice Beast
  3902 | D:4      | Reached XP level 7. HP: 30/41 MP: 9/13
  4173 | D:4      | Identified the +8 flail of Yklogot {speed, rC+} (You found it on level 4 of the Dungeon)
  4184 | D:4      | Reached skill level 1 in Hexes
  4184 | D:4      | Reached skill level 1 in Ice Magic
  4287 | D:4      | Found a glowing golden altar of the Shining One.
  4287 | D:4      | Noticed a troll
  4708 | D:5      | Entered Level 5 of the Dungeon
  5326 | D:5      | Shot with a poisoned arrow by a centaur

Vault maps used:
D:1:      dpeg_arrival_stonehenge_12_columns
D:2:      minitemple
D:3:      overflow_temple_1_default, minmay_hedge_maze, uniq_grinder
D:4:      tso_metal_star, old_standard_altar, first_bread
D:5:      lemuel_doored_altar, nicolae_dithmenos_shadow_blocks,
          kennysheep_generic_room_15, uniq_blork_the_orc
D:6:      temple_statues

Skill      XL: |  1  2  3  4  5  6  7 |
---------------+----------------------+-----
Stealth        | 3 |  3.8
Spellcasting   | 3 4 |  4.6
Summonings     | 5 6 |  6.9
Hexes          | 1 |  1.6
Ice Magic      | 1 |  1.5
Dodging        | |  2.0

Action                   |  1- 3 |  4- 6 |  7- 9 || total
-------------------------+-------+-------+-------++-------
Melee: Dagger            |    46 |    33 |       ||    79
       Unarmed           |     3 |       |       ||     3
       Spear             |       |    29 |     8 ||    37
       Flail             |       |       |    19 ||    19
 Cast: Summon Small Mamm |    26 |       |       ||    26
       Call Imp          |    18 |     4 |    15 ||    37
       Call Canine Famil |     6 |    17 |    11 ||    34
  Use: Scroll            |       |       |     2 ||     2
 Stab: Sleeping          |     2 |     4 |     4 ||    10
  Eat: Chunk             |     6 |     7 |     4 ||    17
